Workbook

Sheet Ingresos
A1: Fecha | B1: Nº factura | C1: Cliente | D1: Concepto | E1: Base imponible | F1: % IVA | G1: Cuota IVA | H1: Total factura | I1: Cobrada | J1: Trimestre
A2: =DATE(2026,1,15) | B2: F-2026-001 | C2: Estudio Marfil | D2: Diseño de logotipo y web | E2: 1200 | F2: 21 | G2: =IF(E2="","",ROUND(E2*F2/100,2)) | H2: =IF(E2="","",E2+G2) | I2: Sí | J2: =IF(A2="","",ROUNDUP(MONTH(A2)/3,0))
A3: =DATE(2026,2,10) | B3: F-2026-002 | C3: Cafés Norte | D3: Mantenimiento mensual web | E3: 300 | F3: 21 | G3: =IF(E3="","",ROUND(E3*F3/100,2)) | H3: =IF(E3="","",E3+G3) | I3: Sí | J3: =IF(A3="","",ROUNDUP(MONTH(A3)/3,0))
A4: =DATE(2026,3,5) | B4: F-2026-003 | C4: Ana Beltrán | D4: Sesión de fotos de producto | E4: 450 | F4: 21 | G4: =IF(E4="","",ROUND(E4*F4/100,2)) | H4: =IF(E4="","",E4+G4) | I4: Sí | J4: =IF(A4="","",ROUNDUP(MONTH(A4)/3,0))
A5: =DATE(2026,4,20) | B5: F-2026-004 | C5: Estudio Marfil | D5: Rediseño de tienda online | E5: 1800 | F5: 21 | G5: =IF(E5="","",ROUND(E5*F5/100,2)) | H5: =IF(E5="","",E5+G5) | I5: Sí | J5: =IF(A5="","",ROUNDUP(MONTH(A5)/3,0))
A6: =DATE(2026,5,12) | B6: F-2026-005 | C6: Cafés Norte | D6: Mantenimiento trimestral web | E6: 900 | F6: 21 | G6: =IF(E6="","",ROUND(E6*F6/100,2)) | H6: =IF(E6="","",E6+G6) | I6: Sí | J6: =IF(A6="","",ROUNDUP(MONTH(A6)/3,0))
A7: =DATE(2026,7,8) | B7: F-2026-006 | C7: Tecnoval SL | D7: Taller de formación | E7: 650 | F7: 21 | G7: =IF(E7="","",ROUND(E7*F7/100,2)) | H7: =IF(E7="","",E7+G7) | I7: Sí | J7: =IF(A7="","",ROUNDUP(MONTH(A7)/3,0))
A8: =DATE(2026,9,18) | B8: F-2026-007 | C8: Ana Beltrán | D8: Retoque fotográfico | E8: 380 | F8: 21 | G8: =IF(E8="","",ROUND(E8*F8/100,2)) | H8: =IF(E8="","",E8+G8) | I8: No | J8: =IF(A8="","",ROUNDUP(MONTH(A8)/3,0))
A9: =DATE(2026,10,6) | B9: F-2026-008 | C9: Tecnoval SL | D9: Consultoría de imagen de marca | E9: 1100 | F9: 21 | G9: =IF(E9="","",ROUND(E9*F9/100,2)) | H9: =IF(E9="","",E9+G9) | I9: No | J9: =IF(A9="","",ROUNDUP(MONTH(A9)/3,0))
G10: =IF(E10="","",ROUND(E10*F10/100,2)) | H10: =IF(E10="","",E10+G10) | J10: =IF(A10="","",ROUNDUP(MONTH(A10)/3,0))
G11: =IF(E11="","",ROUND(E11*F11/100,2)) | H11: =IF(E11="","",E11+G11) | J11: =IF(A11="","",ROUNDUP(MONTH(A11)/3,0))
G12: =IF(E12="","",ROUND(E12*F12/100,2)) | H12: =IF(E12="","",E12+G12) | J12: =IF(A12="","",ROUNDUP(MONTH(A12)/3,0))
G13: =IF(E13="","",ROUND(E13*F13/100,2)) | H13: =IF(E13="","",E13+G13) | J13: =IF(A13="","",ROUNDUP(MONTH(A13)/3,0))
G14: =IF(E14="","",ROUND(E14*F14/100,2)) | H14: =IF(E14="","",E14+G14) | J14: =IF(A14="","",ROUNDUP(MONTH(A14)/3,0))
G15: =IF(E15="","",ROUND(E15*F15/100,2)) | H15: =IF(E15="","",E15+G15) | J15: =IF(A15="","",ROUNDUP(MONTH(A15)/3,0))
G16: =IF(E16="","",ROUND(E16*F16/100,2)) | H16: =IF(E16="","",E16+G16) | J16: =IF(A16="","",ROUNDUP(MONTH(A16)/3,0))
A17: TOTAL | E17: =SUM(E2:E16) | G17: =SUM(G2:G16) | H17: =SUM(H2:H16)

Sheet Gastos
A1: Fecha | B1: Proveedor | C1: Concepto | D1: Categoría | E1: Base imponible | F1: % IVA | G1: IVA soportado | H1: Total factura | I1: % deducible | J1: Gasto deducible | K1: Trimestre
A2: =DATE(2026,1,5) | B2: Inmobiliaria Centro | C2: Alquiler del coworking | D2: Alquiler y suministros | E2: 180 | F2: 21 | G2: =IF(E2="","",ROUND(E2*F2/100,2)) | H2: =IF(E2="","",E2+G2) | I2: 100 | J2: =IF(E2="","",ROUND(E2*I2/100,2)) | K2: =IF(A2="","",ROUNDUP(MONTH(A2)/3,0))
A3: =DATE(2026,1,22) | B3: Adobe | C3: Suscripción de software | D3: Software y suscripciones | E3: 60 | F3: 21 | G3: =IF(E3="","",ROUND(E3*F3/100,2)) | H3: =IF(E3="","",E3+G3) | I3: 100 | J3: =IF(E3="","",ROUND(E3*I3/100,2)) | K3: =IF(A3="","",ROUNDUP(MONTH(A3)/3,0))
A4: =DATE(2026,2,14) | B4: Papelería Gil | C4: Material de oficina | D4: Material y herramientas | E4: 45 | F4: 21 | G4: =IF(E4="","",ROUND(E4*F4/100,2)) | H4: =IF(E4="","",E4+G4) | I4: 100 | J4: =IF(E4="","",ROUND(E4*I4/100,2)) | K4: =IF(A4="","",ROUNDUP(MONTH(A4)/3,0))
A5: =DATE(2026,3,3) | B5: Operadora Telecom | C5: Teléfono e internet (uso mixto) | D5: Alquiler y suministros | E5: 50 | F5: 21 | G5: =IF(E5="","",ROUND(E5*F5/100,2)) | H5: =IF(E5="","",E5+G5) | I5: 50 | J5: =IF(E5="","",ROUND(E5*I5/100,2)) | K5: =IF(A5="","",ROUNDUP(MONTH(A5)/3,0))
A6: =DATE(2026,4,9) | B6: Gestoría Rubio | C6: Asesoría fiscal | D6: Servicios profesionales | E6: 120 | F6: 21 | G6: =IF(E6="","",ROUND(E6*F6/100,2)) | H6: =IF(E6="","",E6+G6) | I6: 100 | J6: =IF(E6="","",ROUND(E6*I6/100,2)) | K6: =IF(A6="","",ROUNDUP(MONTH(A6)/3,0))
A7: =DATE(2026,5,18) | B7: Transportes Ruiz | C7: Desplazamiento a cliente | D7: Transporte | E7: 70 | F7: 21 | G7: =IF(E7="","",ROUND(E7*F7/100,2)) | H7: =IF(E7="","",E7+G7) | I7: 100 | J7: =IF(E7="","",ROUND(E7*I7/100,2)) | K7: =IF(A7="","",ROUNDUP(MONTH(A7)/3,0))
A8: =DATE(2026,6,12) | B8: Plataforma de anuncios | C8: Campaña publicitaria | D8: Publicidad | E8: 200 | F8: 21 | G8: =IF(E8="","",ROUND(E8*F8/100,2)) | H8: =IF(E8="","",E8+G8) | I8: 100 | J8: =IF(E8="","",ROUND(E8*I8/100,2)) | K8: =IF(A8="","",ROUNDUP(MONTH(A8)/3,0))
A9: =DATE(2026,7,2) | B9: Adobe | C9: Suscripción de software | D9: Software y suscripciones | E9: 60 | F9: 21 | G9: =IF(E9="","",ROUND(E9*F9/100,2)) | H9: =IF(E9="","",E9+G9) | I9: 100 | J9: =IF(E9="","",ROUND(E9*I9/100,2)) | K9: =IF(A9="","",ROUNDUP(MONTH(A9)/3,0))
A10: =DATE(2026,8,25) | B10: Tienda Foto Pro | C10: Objetivo fotográfico | D10: Material y herramientas | E10: 340 | F10: 21 | G10: =IF(E10="","",ROUND(E10*F10/100,2)) | H10: =IF(E10="","",E10+G10) | I10: 100 | J10: =IF(E10="","",ROUND(E10*I10/100,2)) | K10: =IF(A10="","",ROUNDUP(MONTH(A10)/3,0))
A11: =DATE(2026,10,1) | B11: Inmobiliaria Centro | C11: Alquiler del coworking | D11: Alquiler y suministros | E11: 180 | F11: 21 | G11: =IF(E11="","",ROUND(E11*F11/100,2)) | H11: =IF(E11="","",E11+G11) | I11: 100 | J11: =IF(E11="","",ROUND(E11*I11/100,2)) | K11: =IF(A11="","",ROUNDUP(MONTH(A11)/3,0))
G12: =IF(E12="","",ROUND(E12*F12/100,2)) | H12: =IF(E12="","",E12+G12) | J12: =IF(E12="","",ROUND(E12*I12/100,2)) | K12: =IF(A12="","",ROUNDUP(MONTH(A12)/3,0))
G13: =IF(E13="","",ROUND(E13*F13/100,2)) | H13: =IF(E13="","",E13+G13) | J13: =IF(E13="","",ROUND(E13*I13/100,2)) | K13: =IF(A13="","",ROUNDUP(MONTH(A13)/3,0))
G14: =IF(E14="","",ROUND(E14*F14/100,2)) | H14: =IF(E14="","",E14+G14) | J14: =IF(E14="","",ROUND(E14*I14/100,2)) | K14: =IF(A14="","",ROUNDUP(MONTH(A14)/3,0))
G15: =IF(E15="","",ROUND(E15*F15/100,2)) | H15: =IF(E15="","",E15+G15) | J15: =IF(E15="","",ROUND(E15*I15/100,2)) | K15: =IF(A15="","",ROUNDUP(MONTH(A15)/3,0))
G16: =IF(E16="","",ROUND(E16*F16/100,2)) | H16: =IF(E16="","",E16+G16) | J16: =IF(E16="","",ROUND(E16*I16/100,2)) | K16: =IF(A16="","",ROUNDUP(MONTH(A16)/3,0))
A17: TOTAL | E17: =SUM(E2:E16) | G17: =SUM(G2:G16) | H17: =SUM(H2:H16) | J17: =SUM(J2:J16)

Sheet Resumen
A1: Concepto | B1: T1 | C1: T2 | D1: T3 | E1: T4 | F1: Año
A2: Ingresos (base imponible) | B2: =SUMIF(Ingresos!$J$2:$J$16,1,Ingresos!$E$2:$E$16) | C2: =SUMIF(Ingresos!$J$2:$J$16,2,Ingresos!$E$2:$E$16) | D2: =SUMIF(Ingresos!$J$2:$J$16,3,Ingresos!$E$2:$E$16) | E2: =SUMIF(Ingresos!$J$2:$J$16,4,Ingresos!$E$2:$E$16) | F2: =SUM(B2:E2)
A3: IVA repercutido | B3: =SUMIF(Ingresos!$J$2:$J$16,1,Ingresos!$G$2:$G$16) | C3: =SUMIF(Ingresos!$J$2:$J$16,2,Ingresos!$G$2:$G$16) | D3: =SUMIF(Ingresos!$J$2:$J$16,3,Ingresos!$G$2:$G$16) | E3: =SUMIF(Ingresos!$J$2:$J$16,4,Ingresos!$G$2:$G$16) | F3: =SUM(B3:E3)
A4: Gastos deducibles | B4: =SUMIF(Gastos!$K$2:$K$16,1,Gastos!$J$2:$J$16) | C4: =SUMIF(Gastos!$K$2:$K$16,2,Gastos!$J$2:$J$16) | D4: =SUMIF(Gastos!$K$2:$K$16,3,Gastos!$J$2:$J$16) | E4: =SUMIF(Gastos!$K$2:$K$16,4,Gastos!$J$2:$J$16) | F4: =SUM(B4:E4)
A5: IVA soportado | B5: =SUMIF(Gastos!$K$2:$K$16,1,Gastos!$G$2:$G$16) | C5: =SUMIF(Gastos!$K$2:$K$16,2,Gastos!$G$2:$G$16) | D5: =SUMIF(Gastos!$K$2:$K$16,3,Gastos!$G$2:$G$16) | E5: =SUMIF(Gastos!$K$2:$K$16,4,Gastos!$G$2:$G$16) | F5: =SUM(B5:E5)
A6: Resultado de IVA (repercutido - soportado) | B6: =B3-B5 | C6: =C3-C5 | D6: =D3-D5 | E6: =E3-E5 | F6: =SUM(B6:E6)
A7: Rendimiento neto (ingresos - gastos deducibles) | B7: =B2-B4 | C7: =C2-C4 | D7: =D2-D4 | E7: =E2-E4 | F7: =SUM(B7:E7)
A8: Facturas pendientes de cobro (total) | B8: =SUMIFS(Ingresos!$H$2:$H$16,Ingresos!$J$2:$J$16,1,Ingresos!$I$2:$I$16,"No") | C8: =SUMIFS(Ingresos!$H$2:$H$16,Ingresos!$J$2:$J$16,2,Ingresos!$I$2:$I$16,"No") | D8: =SUMIFS(Ingresos!$H$2:$H$16,Ingresos!$J$2:$J$16,3,Ingresos!$I$2:$I$16,"No") | E8: =SUMIFS(Ingresos!$H$2:$H$16,Ingresos!$J$2:$J$16,4,Ingresos!$I$2:$I$16,"No") | F8: =SUM(B8:E8)

Sheet Por categoría
A1: Categoría | B1: Gasto deducible | C1: % del total
A2: Alquiler y suministros | B2: =SUMIF(Gastos!$D$2:$D$16,A2,Gastos!$J$2:$J$16) | C2: =IF(SUM($B$2:$B$8)=0,0,ROUND(B2/SUM($B$2:$B$8)*100,1))
A3: Material y herramientas | B3: =SUMIF(Gastos!$D$2:$D$16,A3,Gastos!$J$2:$J$16) | C3: =IF(SUM($B$2:$B$8)=0,0,ROUND(B3/SUM($B$2:$B$8)*100,1))
A4: Software y suscripciones | B4: =SUMIF(Gastos!$D$2:$D$16,A4,Gastos!$J$2:$J$16) | C4: =IF(SUM($B$2:$B$8)=0,0,ROUND(B4/SUM($B$2:$B$8)*100,1))
A5: Transporte | B5: =SUMIF(Gastos!$D$2:$D$16,A5,Gastos!$J$2:$J$16) | C5: =IF(SUM($B$2:$B$8)=0,0,ROUND(B5/SUM($B$2:$B$8)*100,1))
A6: Publicidad | B6: =SUMIF(Gastos!$D$2:$D$16,A6,Gastos!$J$2:$J$16) | C6: =IF(SUM($B$2:$B$8)=0,0,ROUND(B6/SUM($B$2:$B$8)*100,1))
A7: Servicios profesionales | B7: =SUMIF(Gastos!$D$2:$D$16,A7,Gastos!$J$2:$J$16) | C7: =IF(SUM($B$2:$B$8)=0,0,ROUND(B7/SUM($B$2:$B$8)*100,1))
A8: Otros | B8: =SUMIF(Gastos!$D$2:$D$16,A8,Gastos!$J$2:$J$16) | C8: =IF(SUM($B$2:$B$8)=0,0,ROUND(B8/SUM($B$2:$B$8)*100,1))
A9: TOTAL | B9: =SUM(B2:B8) | C9: =SUM(C2:C8)
